 Dungeon Crawl Stone Soup version 0.21-a0-630-g344d351 (webtiles) character file.

64 KristoblXynda the Charmwright (level 3, 0/18 HPs)
             Began as a Spriggan Skald on Dec 26, 2017.
             Slain by an orc
             ... wielding a +0 hand axe
              (8 damage)
             ... on level 3 of the Dungeon.
             The game lasted 00:03:40 (2743 turns).

KristoblXynda the Charmwright (Spriggan Skald)      Turns: 2743, Time: 00:03:41

Health: 0/18       AC:  2    Str:  8    XL:     3   Next: 91%
Magic:  4/8        EV: 19    Int: 14    God:
Gold:   82         SH:  0    Dex: 15    Spells: 1/8 levels left

rFire    . . .     SeeInvis +   m - +0 dagger
rCold    . . .     Gourm    .   (shield restricted)
rNeg     + . .     Faith    .   b - +0 robe
rPois    .         Spirit   .   (helmet restricted)
rElec    .         Reflect  .   (no cloak)
rCorr    .         Harm     .   (gloves unavailable)
MR       .....                  (boots unavailable)
Stlth    +.........             (no amulet)
HPRegen  0.06/turn              i - ring of positive energy
MPRegen  0.11/turn              (no ring)

@: infused, very quick
A: very small, unfitting armour, see invisible, herbivore, speed 3, slow
metabolism 2
a: no special abilities


You were on level 3 of the Dungeon.
You were not hungry.

You visited 1 branch of the dungeon, and saw 3 of its levels.

You collected 82 gold pieces.

Inventory:

Hand Weapons
 m - a +0 dagger (weapon)
Armour
 b - a +0 robe (worn)
Jewellery
 i - a ring of positive energy (left hand)
 k - an uncursed amulet of guardian spirit
Scrolls
 a - a scroll of identify
 f - a scroll of enchant weapon {unknown}
 g - a scroll of immolation {unknown}
 h - 3 scrolls of teleportation
 j - a scroll of fear
 l - 2 scrolls of enchant armour {unknown}
 n - a scroll of random uselessness {unknown}
Potions
 e - 4 potions of curing
Books
 c - a book of Battle

   Spells                             Type                      Level
   a - Infusion                       Charms                       1
   b - Shroud of Golubria             Charms/Translocation         2
   c - Song of Slaying                Charms                       2
   d - Spectral Weapon                Hexes/Charms                 3
   e - Regeneration                   Charms/Necromancy            3
Comestibles
 d - 4 rations


   Skills:
 - Level 1.5 Fighting
 + Level 3.0 Short Blades
 + Level 4.5 Dodging
 + Level 3.4 Spellcasting
 + Level 5.2 Charms


You had one spell level left.
You knew the following spells:

 Your Spells              Type           Power        Failure   Level  Hunger
a - Infusion              Chrm           ###.         2%          1    #......
b - Spectral Weapon       Hex/Chrm       #.......     21%         3    ###....
c - Regeneration          Chrm/Necr      #.........   21%         3    ###....


Dungeon Overview and Level Annotations

Branches:
Dungeon (3/15)

Altars:
Ru
Xom


Innate Abilities, Weirdness & Mutations

You are very small and have problems with some larger weapons.
You are too small for most types of armour.
You have supernaturally acute eyesight. (SInv)
You are a herbivore.
You cover ground extremely quickly.
You need consume almost no food.


Message History

You kill the orc!
The orc completely misses you.
You hit the orc but do no damage. The orc barely misses you.
You hit the orc.
The orc is lightly wounded.
You closely miss the orc.
The orc is lightly wounded.
The orc misses you.
You hit the orc.
The orc is heavily wounded.
The orc closely misses you.
You barely miss the orc.
The orc is heavily wounded.
The orc barely misses you.
You hit the orc.
The orc is heavily wounded.
You barely miss the orc.
The orc is heavily wounded.
The orc hits you with a hand axe!
You die...

.....# #...#
#####...######..#
#...(.o(o.).....#
#.###.#########.#
#.# #... #.#
##############
#.########..o....#
#......†...@####.#
##########.).# #.#
##..# #.# #.<# #o#
#.####.# #......#
########


You could see an orc.

Vanquished Creatures
  An adder (D:2)
  A dart slug (D:1)
  2 orcs (D:3)
  A ball python (D:2)
  8 bats
  4 giant cockroaches
  6 goblins
  4 hobgoblins
  6 jackals (D:2)
  5 frilled lizards
  7 kobolds
  4 rats
49 creatures vanquished.

Notes
Turn   | Place    | Note
-------+----------+-------------------------------------------
     0 | D:1      | KristoblXynda the Spriggan Skald began the quest for the Orb.
     0 | D:1      | Reached XP level 1. HP: 10/10 MP: 5/5
   674 | D:1      | Reached XP level 2. HP: 14/14 MP: 3/6
  1324 | D:2      | Reached XP level 3. HP: 8/18 MP: 3/8
  1393 | D:2      | Learned a level 3 spell: Spectral Weapon
  1397 | D:2      | Learned a level 3 spell: Regeneration
  1596 | D:2      | Reached skill level 5 in Charms
  2308 | D:2      | Found a shimmering altar of Xom.
  2310 | D:2      | Found a sacrificial altar of Ru.
  2310 | D:2      | Found an ancient bone altar of Kikubaaqudgha.
  2312 | D:2      | Found an ancient bone altar of Kikubaaqudgha.
  2312 | D:2      | Found a shimmering altar of Xom.
  2312 | D:2      | Found a sacrificial altar of Ru.
  2743 | D:3      | Slain by an orc

Vault maps used:
D:1:      roderic_chinese_lattice_arrival
D:2:      first_ration, doesnt_xom_only_xom
D:3:      uniq_terence

Skill      XL: |  1  2  3 |
---------------+----------+-----
Spellcasting   | 3 |  3.4
Dodging        | 4 |  4.5
Charms         | 5 |  5.2
Short Blades   | 3 |  3.0
Fighting       | |  1.5

Action                   || total
-------------------------++-------
Melee: Short sword       ||   123
       Dagger            ||    53
 Cast: Infusion          ||    12
  Use: Scroll            ||     7
 Stab: Sleeping          ||     2
Armor: Robe              ||    26
Dodge: Dodged            ||   161

Table legend:
 A = Spawn XP
 B = Non-spawn XP
 C = Spawn XP percentage of total XP
 D = Spawn monster count
 E = Non-spawn monster count
 F = Spawn count percentage of total count
 G = Total turns spent on level
                    A         B        C        D         E        F      G
               +---------+---------+-------+---------+---------+-------+---------
         Total |       0 |      92 |   0.0 |       0 |      49 |   0.0 |  2743
               +---------+---------+-------+---------+---------+-------+---------
           D:1 |       0 |      35 |   0.0 |       0 |      22 |   0.0 |  1254
           D:2 |       0 |      48 |   0.0 |       0 |      23 |   0.0 |  1387
           D:3 |       0 |       9 |   0.0 |       0 |       4 |   0.0 |   102
               +---------+---------+-------+---------+---------+-------+---------
